 Dungeon Crawl Stone Soup version 0.24.0-123-gd5b16e6ec5 (webtiles) character file.

Game seed: 16907271330418605716, levelgen mode: deterministic

2069 sking99 the Covert (level 9, -5/45 HPs)
             Began as a Vampire Enchanter on Feb 1, 2020.
             Was a Follower of Uskayaw.
             Slain by Harold
             ... wielding a +0 trident of protection
              (15 damage)
             ... on level 7 of the Dungeon.
             The game lasted 00:16:34 (7970 turns).

sking99 the Covert (Vampire Enchanter)              Turns: 7970, Time: 00:16:35

Health: -5/45      AC:  0    Str:  6 (8)  XL:     9   Next: 5%
Magic:  9/14       EV: 20    Int: 18 (20) God:    Uskayaw [*.....]
Gold:   321        SH:  0    Dex: 17 (19) Spells: 10/15 levels left

rFire    . . .     SeeInvis +   (weapon currently unavailable)
rCold    + + .     Gourm    .   (shield currently unavailable)
rNeg     + + +     Faith    .   (armour currently unavailable)
rPois    ∞         Spirit   .   (helmet currently unavailable)
rElec    .         Reflect  .   (cloak currently unavailable)
rCorr    .         Harm     .   (gloves currently unavailable)
MR       .....                  (boots currently unavailable)
Stlth    ++++++....             (no amulet)
HPRegen  0.00/turn              (ring currently unavailable)
MPRegen  0.14/turn              (ring currently unavailable)

@: bat-form, flying, bloodless, very quick
A: tiny, no food, fangs 3, see invisible
a: Revivify, End Transformation, Stomp, Renounce Religion


You were on level 7 of the Dungeon.
You worshipped Uskayaw.
Uskayaw was noncommittal.
You were bloodless.
You were in vampire-bat-form.
You visited 1 branch of the dungeon, and saw 7 of its levels.

You collected 321 gold pieces.

Inventory:

Hand Weapons
 w - a +2 dagger of venom (melded)
Missiles
 v - 8 poisoned darts (quivered)
Armour
 b - a +0 robe (melded)
 D - a +0 pair of boots (melded)
Jewellery
 d - a +5 ring of intelligence (melded)
 f - an uncursed ring of fire
 h - an uncursed ring of stealth {unknown}
 u - a ring of protection from magic (melded)
 C - an uncursed ring of fire
Wands
 a - a wand of paralysis (5)
 m - a wand of enslavement (14)
 p - a wand of flame (28)
 B - a wand of random effects (15)
Scrolls
 c - a scroll of noise {unknown}
 k - 2 scrolls of amnesia
 l - 2 scrolls of immolation {unknown}
 n - 3 scrolls of remove curse
 o - a scroll of blinking {unknown}
 q - 3 scrolls of enchant weapon
 r - 5 scrolls of teleportation
 y - a scroll of magic mapping {unknown}
 z - a scroll of fear {unknown}
 E - a scroll of identify
Potions
 e - 2 potions of heal wounds
 g - 2 potions of lignification
 i - 2 potions of brilliance
 j - 4 potions of haste
 s - 2 potions of flight {unknown}
 t - 2 potions of might {unknown}
 x - 3 potions of degeneration
 A - a potion of cancellation {unknown}


   Skills:
 * Level 7.8 Short Blades
 - Level 2.1 Dodging
 + Level 9.1 Stealth
 + Level 3.8 Spellcasting
 + Level 8.4 Hexes
 + Level 4.8 Ice Magic


You had 10 spell levels left.
You knew the following spells:

 Your Spells              Type           Power        Failure   Level  Hunger
b - Ensorcelled Hibernat  Hex/Ice        ####..       1%          2    N/A
c - Confuse               Hex            ####....     1%          3    N/A

Your spell library contained the following spells:

 Spells                   Type           Power        Failure   Level  Hunger
 Corona                   Hex            ####...      1%          1    N/A
 Tukima's Dance           Hex            ####....     1%          3    N/A
 Dazzling Spray           Conj/Hex       ###...       8%          3    N/A

Dungeon Overview and Level Annotations

Branches:
Dungeon (7/15)             Temple (0/1) D:4

Altars:
Elyvilon
Hepliaklqana
Kikubaaqudgha
Ru
Sif Muna
Uskayaw
Vehumet
Xom

Shops:
D:5 *(

Annotations:
D:7 Harold


Innate Abilities, Weirdness & Mutations

You do not eat.
You do not regenerate when monsters are visible.
You are frail without blood (-20% HP).
You can heal yourself when you bite living creatures.
You are immune to poison.
You have razor-sharp teeth.
You have supernaturally acute eyesight. (SInv)
((You can survive without breathing.))


Message History

Confirm with . or Enter, or press ? or * to list all spells.
Aiming: Ensorcelled Hibernation (safe; 1% risk of failure)
Press: ? - help, Shift-Dir - straight line, f - orc
Aim: an orc, wielding a +0 short sword and wearing a +0 leather armour (chance to defeat MR: 80%)
The orc barely resists.
The orc hits you but does no damage.
Harold hits you from afar with a +0 trident of protection!
The orc priest calls down the wrath of Beogh upon you.
Beogh smites you!
* * * LOW HITPOINT WARNING * * *
You turn into a vampire bat.
Your +2 dagger of venom melds into your body.
Your +0 pair of boots melds into your body.
Your +0 robe melds into your body.
Your +5 ring of intelligence melds into your body.
Your ring of protection from magic melds into your body.
Your +2 dagger of venom stops dripping with poison.
You feel stupid.
You feel weakened.
You feel dopey.
You feel clumsy. The orc completely misses you.
Harold hits you from afar with a +0 trident of protection!
You die...

### # ###..##### ...
##......#.. ....#
###..........
......#............
.......b.#.........
.....@o).##.....##
.....o...##.....#
.....##.........##
.##......##......###..
#......###..........
##........[........##
..........<.........
#.................##


You could see Harold, an orc priest and an orc.

Vanquished Creatures
  Prince Ribbit (D:5)
  Sigmund (D:4)
  Menkaure (D:5)
  3 orc warriors
  An ice beast (D:5)
  4 ogres
  A centaur (D:5)
  2 howler monkeys
  A crimson imp (D:6)
  4 hounds
  A jelly (D:7)
  3 orc priests
  A bullfrog skeleton (D:7)
  A centaur skeleton (D:6)
  An iguana (D:5)
  4 orc wizards
  5 worker ants
  3 adders
  An adder skeleton (D:4)
  6 worms
  A dart slug (D:1)
  5 leopard geckos
  25 orcs
  3 ball pythons
  3 giant cockroaches
  10 goblins
  10 hobgoblins
  11 jackals
  5 kobolds
  2 quokkas
  3 bats
  4 frilled lizards
  4 rats
131 creatures vanquished.

Notes
Turn   | Place    | Note
-------+----------+-------------------------------------------
     0 | D:1      | sking99 the Vampire Enchanter began the quest for the Orb.
     0 | D:1      | Reached XP level 1. HP: 13/13 MP: 3/3
   169 | D:1      | Reached XP level 2. HP: 10/15 MP: 5/5
   266 | D:1      | Learned a level 2 spell: Ensorcelled Hibernation
   553 | D:1      | Reached skill level 5 in Stealth
  1271 | D:2      | Reached XP level 3. HP: 18/19 MP: 3/6
  1798 | D:2      | Reached skill level 1 in Ice Magic
  2008 | D:2      | Learned a level 3 spell: Confuse
  2060 | D:2      | Found a sacrificial altar of Ru.
  2116 | D:2      | Found a hide-covered altar of Uskayaw.
  2389 | D:2      | Became a worshipper of Uskayaw the Reveler
  2420 | D:3      | Found a hazy altar of Hepliaklqana.
  2431 | D:3      | Reached * piety under Uskayaw
  2514 | D:3      | Found a faded altar of an unknown god.
  2520 | D:3      | Reached skill level 5 in Hexes
  2520 | D:3      | Reached XP level 4. HP: 24/24 MP: 7/7
  3321 | D:4      | Reached ** piety under Uskayaw
  3338 | D:4      | Found a radiant altar of Vehumet.
  3351 | D:4      | Noticed Sigmund
  3377 | D:3      | Reached skill level 6 in Stealth
  3377 | D:3      | Reached XP level 5. HP: 25/28 MP: 1/8
  3468 | D:4      | Killed Sigmund
  3468 | D:4      | Reached XP level 6. HP: 32/32 MP: 0/9
  3827 | D:4      | Reached skill level 5 in Short Blades
  3827 | D:4      | Reached skill level 7 in Stealth
  3837 | D:4      | Found a staircase to the Ecumenical Temple.
  3854 | D:3      | Reached XP level 7. HP: 36/36 MP: 1/10
  5315 | D:4      | Found a white marble altar of Elyvilon.
  5610 | D:5      | Entered Level 5 of the Dungeon
  5642 | D:5      | Noticed Menkaure
  5659 | D:5      | Killed Menkaure
  5726 | D:5      | Reached XP level 8. HP: 36/41 MP: 0/12
  5847 | D:5      | Noticed Prince Ribbit
  5854 | D:5      | Killed Prince Ribbit
  5854 | D:5      | Reached skill level 8 in Stealth
  6034 | D:5      | Found a shimmering altar of Xom.
  6094 | D:5      | Found Weehuvem's Weapon Shoppe.
  6142 | D:5      | Found an ancient bone altar of Kikubaaqudgha.
  6352 | D:5      | Found Mukon's General Store.
  7067 | D:6      | Reached *** piety under Uskayaw
  7309 | D:6      | Found a shimmering blue altar of Sif Muna.
  7315 | D:6      | Reached skill level 9 in Stealth
  7899 | D:7      | Reached XP level 9. HP: 45/45 MP: 14/14
  7959 | D:7      | Noticed Harold
  7970 | D:7      | Slain by Harold

Levels and vault maps discovered:
D:1:      lightli_arrival_flooded_house, layout_basic
D:2:      layout_rooms, lemuel_round_altar, lemuel_coloured_pillars_altar
D:3:      layout_loops_ring, nicolae_overflow_crystal_walls,
          chequers_ecumenical_altar_simple, first_ration
D:4:      layout_rooms, old_standard_altar, minmay_temple_entry_large_hall,
          serial_forest, infiniplex_forest_fountain,
          infiniplex_forest_clump_small, infiniplex_forest_straight_1,
          infiniplex_forest_straight_5, infiniplex_forest_lined_3,
          infiniplex_forest_lined_3_way, infiniplex_forest_lined_3,
          elyvilon_altar_4, uniq_sigmund
D:5:      layout_rooms, kennysheep_mini, xom_teletrap_fun, serial_shops,
          kennysheep_mini_moat, shop, kennysheep_pointless_box, uniq_menkaure,
          uniq_prince_ribbit1
D:6:      kennysheep_orc_sif_temple, layout_loops_ring
D:7:      layout_cave_pools, grunt_livestock, uniq_harold

Skill      XL: |  1  2  3  4  5  6  7  8 |
---------------+-------------------------+-----
Stealth        | 5 6 7 9 |  9.1
Short Blades   | 2 3 4 5 6 7 |  7.8
Ice Magic      | 1 2 3 4 |  4.8
Hexes          | 5 6 7 8 |  8.4
Spellcasting   | 3 |  3.8
Dodging        | |  2.1

Action                   |  1- 3 |  4- 6 |  7- 9 || total
-------------------------+-------+-------+-------++-------
Melee: Dagger            |   106 |    64 |   110 ||   280
       Bite              |     6 |     4 |     2 ||    12
 Cast: Corona            |     1 |       |       ||     1
       Ensorcelled Hiber |    29 |    25 |    75 ||   129
       Confuse           |       |       |     2 ||     2
 Abil: Exsanguinate      |     1 |       |       ||     1
       Bat Form          |       |       |     1 ||     1
  Use: Scroll            |       |       |     9 ||     9
 Stab: Sleeping          |    36 |    23 |    51 ||   110
       Confused          |       |       |     3 ||     3
Armor: Robe              |    27 |    11 |    14 ||    52
Dodge: Dodged            |    73 |    37 |    91 ||   201
